 Dungeon Crawl Stone Soup version 0.28.0-47-ge53b351184 (webtiles) character file.

Game seed: 1395788434436099726

42050 issech the Basher (level 13, -2/114 HPs)
             Began as a Troll Fighter on Apr 29, 2022.
             Was an Elder of Hepliaklqana.
             Killed from afar by a deep elf sorcerer (37 damage)
             ... with damnation
             ... on level 1 of the Elven Halls on Apr 30, 2022.
             The game lasted 01:27:32 (15120 turns).

issech the Basher (Troll Fighter)                  Turns: 15120, Time: 01:27:32

Health: -2/114     AC: 10    Str: 27    XL:     13   Next: 83%
Magic:  12/12      EV: 17    Int:  4    God:    Hepliaklqana [****..]
Gold:   1161       SH: 11    Dex: 17    Spells: 12/12 levels left

rFire   + . .      SeeInvis .   a - +4 morningstar (flame)
rCold   + . .      Faith    .   Y - +0 kite shield
rNeg    . . .      Spirit   .   R - +3 troll leather armour
rPois   +          Reflect  .   (helmet restricted)
rElec   .          Harm     .   p - +0 cloak {rC+}
rCorr   .          Rampage  .   (gloves unavailable)
Will    .....                   (boots unavailable)
Stlth   +++.......              (no amulet)
HPRegen 1.89/turn               s - ring "Namum" {rPois rF+ Dex+4 Stlth+}
MPRegen 0.13/turn               S - +4 ring of evasion

@: slowed, very slow
A: reduced essence, large, unfitting armour, claws 3, regeneration 1, shaggy fur
1, tough skin 1, horns 1, mutation resistance 1, wild magic 1
a: Renounce Religion, Recall Ancestor, Ancestor Identity, Transference, Idealise


You were on level 1 of the Elven Halls.
You worshipped Hepliaklqana.
Hepliaklqana was greatly pleased with you.
You visited 4 branches of the dungeon, and saw 16 of its levels.
You also visited: Ice Cave.

You collected 1345 gold pieces.
You spent 184 gold pieces at shops.

Inventory:

Hand Weapons
 a - a +4 morningstar of flaming (weapon)
 g - a +1 hunting sling of freezing
 u - the +7 short sword of Baenkoept {freeze, *Rage rElec Dex+3}
   (You found it on level 10 of the Dungeon)

   It freezes those it strikes, dealing additional cold damage.
   It can also slow down cold-blooded creatures.
   Dex:       It affects your dexterity (+3).
   rElec:     It insulates you from electricity.
   *Rage:     It berserks you when you make melee attacks (+20% chance).
 w - a +2 glaive of venom
 P - a +3 arbalest
 U - a +4 mace of holy wrath
Missiles
 e - 12 poisoned darts
 h - 3 silver boomerangs
 i - 2 throwing nets
 k - 310 stones
 t - 21 sling bullets
 v - 475 bolts
 z - 3 javelins
 J - 2 boomerangs of dispersal
 V - 4 boomerangs (quivered)
 W - 263 arrows
Armour
 p - a +0 cloak of cold resistance (worn)
 r - a +1 robe of willpower
 x - a +2 animal skin
 A - +0 steam dragon scales
 R - a +3 troll leather armour (worn)
 Y - a +0 kite shield (worn)
Magical Staves
 H - a staff of conjuration
Jewellery
 b - a +4 ring of evasion
 s - the ring "Namum" (left claw) {rPois rF+ Dex+4 Stlth+}
   (You found it on level 3 of the Dungeon)

   [ring of poison resistance]

   Dex:       It affects your dexterity (+4).
   rF:        It protects you from fire.
   rPois:     It protects you from poison.
   Stlth:     It makes you more stealthy.
 y - the ring "Koirghou" {Ice rN+}
   (You found it on level 3 of the Dungeon)

   [ring of ice]

   It enhances your ice magic.
   rF:        It makes you vulnerable to fire.
   rC:        It protects you from cold.
   rN:        It protects you from negative energy.
 B - a +6 ring of intelligence
 I - a +6 ring of strength
 S - a +4 ring of evasion (right claw)
 T - a ring of willpower
Wands
 n - a wand of flame (39)
 E - a wand of digging (5)
 G - a wand of paralysis (4)
 X - a wand of iceblast (8)
Scrolls
 c - a scroll of blinking
 f - 3 scrolls of silence
 j - a scroll of magic mapping
 o - 2 scrolls of holy word
 D - a scroll of fear
 M - a scroll of summoning
 Q - 2 scrolls of amnesia
Potions
 d - a potion of might
 l - 2 potions of berserk rage
 q - a potion of mutation
 F - 8 potions of curing
 K - a potion of brilliance
 N - 2 potions of resistance {unknown}
 O - a potion of heal wounds
Miscellaneous
 m - a box of beasts
 Z - a piece from Xom's chessboard (15/15)


   Skills:
 + Level 8.0 Fighting
 + Level 2.3 Short Blades
 + Level 13.6 Maces & Flails
 + Level 6.2 Throwing
 + Level 3.4 Armour
 + Level 8.9 Dodging
 + Level 3.6 Stealth
 + Level 8.5 Shields


You had 12 spell levels left.
You didn't know any spells.
Your spell library contained the following spells:

 Spells                   Type           Power      Damage    Failure   Level
 Animate Skeleton         Necr           0%         N/A       83%         1
 Pain                     Necr           0%         1d4       83%         1
 Sandblast                Erth           0%         2d4       83%         1
 Shock                    Conj/Air       0%         1d3       83%         1
 Call Imp                 Summ           0%         N/A       92%         2
 Corpse Rot               Necr/Air       0%         N/A       92%         2
 Ensorcelled Hibernation  Hex/Ice        0%         N/A       92%         2
 Passwall                 Tmut/Erth      0%         N/A       92%         2
 Poisonous Vapours        Pois/Air       0%         N/A       92%         2
 Dazzling Flash           Conj/Hex       0%         N/A       99%         3
 Gell's Gravitas          Tloc           0%         N/A       99%         3
 Lesser Beckoning         Tloc           0%         N/A       99%         3
 Spider Form              Tmut/Pois      0%         N/A       99%         3
 Stone Arrow              Conj/Erth      0%         3d7       99%         3
 Swiftness                Air            0%         N/A       99%         3
 Teleport Other           Tloc           0%         N/A       99%         3
 Vampiric Draining        Necr           0%         2d6       99%         3
 Airstrike                Air            0%         N/A       100%        4
 Anguish                  Hex/Necr       0%         N/A       100%        4
 Animate Armour           Summ/Erth      0%         N/A       100%        4
 Fulminant Prism          Conj/Hex       0%         3d6       100%        4
 Agony                    Necr           0%         N/A       100%        5
 Freezing Cloud           Conj/Ice/Air   0%         6-21      100%        5
 Silence                  Hex/Air        0%         N/A       100%        5
 Dispersal                Tloc           0%         N/A       100%        6
 Simulacrum               Ice/Necr       0%         N/A       100%        6
 Polar Vortex             Ice            0%         N/A       100%        9


Dungeon Overview and Level Annotations

Branches:
Dungeon (12/15)            Temple (1/1) D:5            Lair (0/6) D:10
    Orc (2/2) D:12            Elf (1/3) Orc:2         IceCv (visited)

Altars:
Ashenzari
Cheibriados
Dithmenos
Elyvilon
Fedhas
Gozag
Hepliaklqana
Kikubaaqudgha
Makhleb
Nemelex Xobeh
Okawaru
Qazlal
Ru
Sif Muna
Trog
Uskayaw
Vehumet
Wu Jian
Xom
Yredelemnul
Zin
The Shining One
Beogh

Shops:
Orc:2 ::=*   Elf:1 ?


Innate Abilities, Weirdness & Mutations

Your life essence is reduced to manifest your ancestor. (-10% HP)
You are too large for most types of armour.
You have claws for hands.
Your natural rate of healing is unusually fast.
You are covered in fur. (AC +1)
You have tough skin. (AC +1)
You have a pair of small horns on your head.
You are somewhat resistant to further mutation.
Your spells are a little harder to cast, but a little more powerful.


Message History

The deep elf pyromancer misses you.
The deep elf archer shoots an arrow.
The arrow hits you!!
The deep elf pyromancer hits you with a +0 long sword.
You hear a shout!
Things that are here:
a +0 rapier; a +0 leather armour You barely miss the deep elf pyromancer.
The deep elf knight shouts!
You headbutt the deep elf pyromancer.
The deep elf pyromancer is lightly wounded.
The deep elf archer casts a spell.
The deep elf archer blinks!
The deep elf archer shoots an arrow.
The arrow hits you!!
The deep elf pyromancer gestures at you while chanting.
The sticky flame hits you. You resist.
You are covered in liquid flames!
A deep elf sorcerer comes into view. It is wielding a +0 long sword.
You are covered in liquid flames!
You are no longer on fire.
The deep elf archer gestures at you while chanting.
You resist with significant effort.
The deep elf knight gestures wildly while chanting.
The deep elf knight flickers and vanishes!
Deactivating autopickup; reactivate with Ctrl-A.
The deep elf pyromancer points at you and mumbles some strange words.
The bolt of fire hits you! You resist.
The deep elf archer shoots an arrow.
The arrow hits you!!
* * * LOW HITPOINT WARNING * * *
A deep elf knight comes into view. It is wielding a +0 long sword.
The deep elf pyromancer hits you with a +0 long sword!
* * * LOW HITPOINT WARNING * * *
You barely miss the deep elf pyromancer.
You headbutt the deep elf pyromancer, but do no damage.
A deep elf knight comes into view. It is wielding a +0 long sword.
The deep elf pyromancer barely misses you.
The deep elf pyromancer gestures wildly while chanting.
The deep elf pyromancer blinks!
The deep elf sorcerer casts a spell at you.
The sphere of damnation explodes!
The damnation engulfs you!!!
You die...

#.....#......#
##+##
###)########.#
.# #.....## #.#
.# #.....# #.#
#####.###
#..⌠..# #.#
#.>.....#
#.....# #.#
#.......###
#.....# #.#
##.....e....
#.###.#
#.####..).....#
......#
#....@........#
#######
######....)...#
##.....#.#
#...e)..#
#####.#e.....
#.#.##.#.
#.#.#.#.
#e#..## #e#.##


You could see a deep elf sorcerer and a deep elf pyromancer.

Vanquished Creatures
  A reaper (IceCv)
  Azrael (Elf:1)
  Erica (D:9)
  A two-headed ogre (D:11)
  3 dancing weapons (Elf:1)
  An orc high priest (Orc:2)
  3 deep elf pyromancers (Elf:1)
  3 orc knights
  11 deep elf zephyrmancers (Elf:1)
  An ugly thing (D:12)
  Joseph (D:9)
  A centaur zombie (D:11)
  2 ice statues (IceCv)
  Maggie (D:6)
  An anaconda simulacrum (IceCv)
  3 ice devils (IceCv)
  2 freezing wraiths (IceCv)
  An entropy weaver simulacrum (IceCv)
  3 trolls
  A dire elephant simulacrum (IceCv)
  15 yaks
  Sigmund (D:4)
  6 steam dragons
  Eustachio (D:4)
  2 fire elementals (Elf:1)
  7 vampire mosquitoes
  Menkaure (D:3)
  2 wargs
  3 harpy simulacra (IceCv)
  4 hell hounds (Elf:1)
  26 orc warriors
  A sky beast (D:7)
  A black bear (D:7)
  6 ogres
  2 wolves (D:8)
  4 centaurs (Orc:2)
  2 phantoms
  A gnoll sergeant (D:11)
  2 scorpions (D:5)
  2 earth elementals (Elf:1)
  A wyvern skeleton (D:6)
  A water moccasin zombie (D:7)
  4 killer bees (D:10)
  2 howler monkeys (D:7)
  2 hounds
  A jelly (D:5)
  7 orc priests
  2 gnoll shamans
  A bullfrog skeleton (D:7)
  2 iguanas
  20 orc wizards
  A troll simulacrum (D:11)
  A spriggan simulacrum (IceCv)
  A killer bee zombie (D:6)
  21 gnolls
  10 adders
  An ufetubus (IceCv)
  2 worms
  2 dart slugs
  72 orcs
  6 bats
  4 endoplasms
  4 giant cockroaches
  7 hobgoblins
  5 jackals
  2 quokkas
  4 ball pythons
  2 frilled lizards
  9 goblins
  10 kobolds
  5 rats
343 creatures vanquished.

Vanquished Creatures (collateral kills)
  A deep elf sorcerer (Elf:1)
  A boulder beetle (D:11)
  2 two-headed ogres (D:10)
  6 deep elf pyromancers (Elf:1)
  2 deep elf zephyrmancers (Elf:1)
  An orc knight (Orc:2)
  An orc sorcerer (Orc:2)
  2 ice devils (IceCv)
  An entropy weaver simulacrum (IceCv)
  A troll (Orc:2)
  2 dire elephant simulacra (IceCv)
  17 yaks
  A wraith (D:11)
  Grum (D:8)
  2 fire elementals (Elf:1)
  3 vampire mosquitoes (D:11)
  A harpy simulacrum (IceCv)
  12 orc warriors
  An ice beast (D:6)
  An ogre (Orc:2)
  A wolf (D:8)
  5 centaurs (Orc:2)
  A kobold brigand (D:11)
  A bullfrog (D:8)
  7 killer bees (D:10)
  5 orc priests
  12 orc wizards
  A polar bear simulacrum (IceCv)
  A killer bee zombie (D:9)
  2 gnolls (D:11)
  23 orcs
  4 kobolds (D:11)
122 creatures vanquished.

Vanquished Creatures (others)
  An air elemental (Elf:1)
  19 battlemagi
  An ancestor (D:6)
  A hobgoblin (D:4)
22 creatures vanquished.

Grand Total: 487 creatures vanquished

Notes
Turn   | Place    | Note
-------+----------+-------------------------------------------
     0 | D:1      | issech the Troll Fighter began the quest for the Orb.
     0 | D:1      | Reached XP level 1. HP: 22/22 MP: 0/0
   144 | D:1      | Reached XP level 2. HP: 17/29 MP: 1/1
   463 | D:1      | Reached XP level 3. HP: 36/36 MP: 2/2
   757 | D:2      | Reached skill level 2 in Maces & Flails
   950 | D:2      | Reached XP level 4. HP: 33/44 MP: 3/3
  1342 | D:3      | Identified the ring "Namum" {rPois rF+ Dex+4 Stlth+}
  1365 | D:3      | Reached skill level 1 in Short Blades
  1491 | D:3      | Reached XP level 5. HP: 46/52 MP: 4/4
  2146 | D:3      | Identified the ring "Koirghou" {Ice rN+}
  2352 | D:4      | Noticed Menkaure
  2457 | D:3      | Reached XP level 6. HP: 11/61 MP: 5/5
  2591 | D:4      | Noticed Sigmund
  2648 | D:4      | Killed Sigmund
  2649 | D:4      | Reached skill level 3 in Maces & Flails
  2792 | D:4      | Noticed Eustachio
  2796 | D:4      | Noticed a steam dragon
  2827 | D:3      | Killed a steam dragon
  2828 | D:3      | Reached XP level 7. HP: 65/68 MP: 6/6
  2864 | D:3      | Reached skill level 1 in Throwing
  2925 | D:4      | Killed Eustachio
  3140 | D:5      | Entered Level 5 of the Dungeon
  3242 | D:3      | Killed Menkaure
  3243 | D:3      | Reached skill level 4 in Maces & Flails
  3365 | D:5      | Reached XP level 8. HP: 71/78 MP: 7/7
  3738 | D:5      | Found a staircase to the Ecumenical Temple.
  3745 | Temple   | Entered the Ecumenical Temple
  3941 | Temple   | Became a worshipper of Hepliaklqana the Forgotten
  4194 | D:5      | Found a bloodstained altar of Trog.
  4206 | D:5      | Reached skill level 5 in Maces & Flails
  4206 | D:5      | Reached skill level 5 in Dodging
  4964 | D:6      | Reached * piety under Hepliaklqana
  5271 | D:6      | Reached skill level 1 in Stealth
  5525 | D:7      | Reached skill level 6 in Maces & Flails
  5525 | D:7      | Reached XP level 9. HP: 32/76 MP: 8/8
  5711 | D:7      | Reached skill level 5 in Shields
  5942 | D:6      | Noticed Maggie
  5952 | D:6      | Killed Maggie
  5953 | D:6      | Reached skill level 7 in Maces & Flails
  6617 | D:8      | Reached ** piety under Hepliaklqana
  6618 | D:8      | Remembered your ancestor Amenemopet as a battlemage
  6682 | D:8      | Reached skill level 5 in Fighting
  6696 | D:8      | Reached skill level 8 in Maces & Flails
  6728 | D:8      | Reached XP level 10. HP: 29/86 MP: 9/9
  7109 | D:8      | Noticed Grum
  7120 | D:8      | Killed Grum
  7290 | D:9      | Noticed Erica
  7301 | D:9      | Killed Erica
  7315 | D:9      | Reached skill level 9 in Maces & Flails
  7445 | D:9      | Noticed Joseph
  7458 | D:9      | Killed Joseph
  7718 | D:9      | Reached *** piety under Hepliaklqana
  7752 | D:9      | Reached XP level 11. HP: 94/94 MP: 10/10
  8163 | D:10     | Entered Level 10 of the Dungeon
  8722 | D:10     | Reached skill level 10 in Maces & Flails
  8793 | D:10     | Noticed a two-headed ogre
  8798 | D:10     | Killed a two-headed ogre
  8811 | D:10     | Noticed a two-headed ogre
  8818 | D:10     | Killed a two-headed ogre
  8876 | D:10     | Identified the +7 short sword of Baenkoept {freeze, *Rage
                  | rElec Dex+3}
  9003 | D:10     | Found a staircase to the Lair.
  9230 | D:11     | Noticed a boulder beetle
  9252 | D:11     | Killed a boulder beetle
  9311 | D:11     | Found a frozen archway.
  9324 | IceCv    | Entered an ice cave
  9352 | IceCv    | Reached skill level 11 in Maces & Flails
  9795 | IceCv    | Reached XP level 12. HP: 44/103 MP: 11/11
 10221 | IceCv    | Noticed a reaper
 10230 | IceCv    | Killed a reaper
 10512 | D:11     | Reached **** piety under Hepliaklqana
 10933 | D:11     | Noticed a two-headed ogre
 10939 | D:11     | Killed a two-headed ogre
 11168 | D:12     | Found a staircase to the Orcish Mines.
 11194 | Orc:1    | Entered Level 1 of the Orcish Mines
 11204 | D:12     | Reached skill level 12 in Maces & Flails
 12082 | Orc:2    | Entered Level 2 of the Orcish Mines
 12267 | Orc:2    | Found a staircase to the Elven Halls.
 12657 | Orc:2    | Reached skill level 1 in Armour
 12888 | Orc:2    | Reached skill level 5 in Throwing
 13057 | Orc:2    | Noticed an orc high priest
 13223 | Orc:2    | Killed an orc high priest
 13224 | Orc:2    | Reached XP level 13. HP: 111/111 MP: 12/12
 13330 | Orc:2    | Gained mutation: Your spells are a little harder to cast,
                  | but a little more powerful. [potion of mutation]
 13330 | Orc:2    | Gained mutation: You have a pair of small horns on your
                  | head. [potion of mutation]
 13330 | Orc:2    | Gained mutation: You are somewhat resistant to further
                  | mutation. [potion of mutation]
 13579 | Orc:2    | Found Olodyowa's Jewellery Shoppe.
 13579 | Orc:2    | Found Kies Hooru's Book Shop.
 13581 | Orc:2    | Found Suniases's Book Boutique.
 13583 | Orc:2    | Found Xiloh's General Store.
 13864 | Elf:1    | Entered Level 1 of the Elven Halls
 14039 | Elf:1    | Noticed Azrael
 14064 | Elf:1    | Killed Azrael
 14174 | Elf:1    | Reached skill level 13 in Maces & Flails
 14281 | Elf:1    | HP: 5/114 [+4 mace of holy wrath (15)]
 14282 | Elf:1    | Found Ovoujuos's Magic Scroll Shop.
 14356 | Elf:1    | Bought a scroll of identify for 32 gold pieces
 14356 | Elf:1    | Bought a scroll of identify for 32 gold pieces
 14356 | Elf:1    | Bought a scroll of enchant armour for 120 gold pieces
 14825 | Elf:1    | Noticed a deep elf sorcerer
 14833 | Elf:1    | Killed a deep elf sorcerer
 14846 | Elf:1    | Got the Handbook of Creative Battle Magic
 15113 | Elf:1    | Noticed a deep elf sorcerer
 15120 | Elf:1    | Killed from afar by a deep elf sorcerer

Illustrated notes

Levels and vault maps discovered:
D:1:      grunt_arrival_lava_bath, layout_loops_ring
D:2:      layout_rooms, skrybe_limestone_x
D:3:      layout_basic
D:4:      layout_cave_pools, uniq_sigmund, uniq_eustachio, uniq_menkaure
D:5:      nicolae_cairo_tiling, layout_basic, lemuel_doored_altar,
          minmay_temple_entry_metal_lava
D:6:      layout_layer_cave, uniq_maggie
D:7:      layout_basic
D:8:      layout_rooms, uniq_grum
D:9:      layout_irregular_city, uniq_erica, uniq_joseph
D:10:     layout_irregular_city, lair_entry_dummy, grunt_ministairs_11,
          amcnicky_mini_corridor_feature, nicolae_sextant
D:11:     layout_cave_pods, portal_ice_cave_entry_ice_simulacra
D:12:     layout_irregular_city, orc_0_dummy, serial_undead, serial_undead_f,
          serial_undead_c, serial_undead_a, serial_undead_c
Temple:   mainiacjoe_temple_hex_bubbles
Orc:1:    layout_caves
Orc:2:    st_orc_rangers, layout_caves, basic_altar
Elf:1:    minmay_elf_arrival_plus, layout_loops_corners, serial_shops, shop,
          minmay_elf_sorcery, uniq_azrael

Skill      XL: |  1  2  3  4  5  6  7  8  9 10 11 12 13 |
---------------+----------------------------------------+-----
Maces & Flails | 2 3 4 6 8 9 11 12 13 | 13.6
Shields        | 3 4 5 6 7 8 |  8.5
Dodging        | 3 4 5 6 7 8 |  8.9
Short Blades   | 1 2 |  2.3
Fighting       | 3 4 5 6 7 8 |  8.0
Throwing       | 1 2 3 5 6 |  6.2
Stealth        | 1 2 3 |  3.6
Armour         | 1 3 |  3.4

Action                   |  1- 3 |  4- 6 |  7- 9 | 10-12 | 13-15 || total
-------------------------+-------+-------+-------+-------+-------++-------
Melee: Flail             |    18 |       |       |       |       ||    18
       Short sword       |    75 |   120 |       |       |       ||   195
       Morningstar       |       |    53 |   342 |   506 |   139 ||  1040
       Headbutt          |       |       |       |       |    32 ||    32
Throw: Stone             |       |    37 |    20 |     4 |       ||    61
       Dart              |       |     2 |       |       |       ||     2
       Boomerang         |       |       |       |   128 |    38 ||   166
Invok: Ancestor Life: Ba |       |       |     1 |       |       ||     1
  Use: Scroll            |       |     9 |     3 |    10 |     5 ||    27
       Potion            |       |       |       |     3 |     2 ||     5
 Stab: Sleeping          |       |       |     3 |     6 |     1 ||    10
       Distracted        |       |       |       |     7 |       ||     7
Armor: Robe              |    37 |    45 |       |       |       ||    82
       Steam dragon scal |       |       |   197 |    65 |       ||   262
       Troll leather arm |       |       |       |    44 |    22 ||    66
Dodge: Dodged            |    50 |    69 |   243 |   463 |    83 ||   908
Block: Kite shield       |    38 |    85 |   210 |   392 |    66 ||   791
